 Dungeon Crawl Stone Soup version 0.30-a0-534-gdc55766716 (webtiles) character file.

Game seed: 6055778478400534966

163 drugrobin the Insei (level 5, -9/42 HPs)
             Began as a Demigod Delver on Dec 25, 2022.
             Mangled by a gnoll
             ... wielding a +0 halberd
             ... led by a gnoll bouda
              (11 damage)
             ... on level 4 of the Dungeon.
             The game lasted 00:06:54 (3213 turns).

drugrobin the Insei (Demigod Delver)                Turns: 3213, Time: 00:06:54

Health: -9/42      AC:  3    Str: 13    XL:     5   Next: 0%
Magic:  7/7        EV: 12    Int: 12    God:
Gold:   121        SH:  5    Dex: 25    Spells: 4/4 levels left

rFire   . . .      SeeInvis .    c - +2 whip (venom)
rCold   . . .      Faith    .    u - +0 buckler
rNeg    + . .      Spirit   .    a - +0 leather armour
rPois   .          Reflect  .    (no helmet)
rElec   .          Harm     .    (no cloak)
rCorr   .          Rampage  .    (no gloves)
Will    .....                    (no boots)
Stlth   +++                      (no amulet)
HPRegen 0.27/turn                v - +6 ring of dexterity
MPRegen 0.10/turn                x - ring of positive energy

@: flying
A: high MP 1, forlorn, divine attributes
a: no special abilities


You were on level 4 of the Dungeon.
You visited 1 branch of the dungeon, and saw 5 of its levels.

You collected 121 gold pieces.

Inventory:

Hand Weapons
 b - a +0 dagger of draining
 c - a +2 whip of venom (weapon)
 p - a +0 sling
Missiles
 d - 9 poisoned darts
 h - 42 stones
 l - 9 boomerangs (quivered)
 w - 5 javelins
Armour
 a - a +0 leather armour (worn)
 g - a +0 ring mail
 k - a +0 pair of boots
 u - a +0 buckler (worn)
 D - a +0 pair of boots
Jewellery
 v - a +6 ring of dexterity (left hand)
 x - a ring of positive energy (right hand)
Wands
 f - a wand of digging (3)
Scrolls
 i - 5 scrolls of fog
 j - 2 scrolls of identify {unknown}
 m - 2 scrolls of immolation {unknown}
 o - a scroll of poison {unknown}
 q - 2 scrolls of enchant weapon {unknown}
 t - a scroll of noise {unknown}
 y - a scroll of silence {unknown}
 A - a scroll of blinking {unknown}
 B - a scroll of teleportation {unknown}
 C - a scroll of magic mapping
Potions
 e - 2 potions of haste
 n - a potion of invisibility {unknown}
 r - a potion of degeneration {unknown}
 s - a potion of heal wounds {unknown}
 z - a potion of flight


   Skills:
 - Level 2.6 Fighting
 - Level 1.7 Dodging
 - Level 4.5 Stealth
 + Level 5.0 Unarmed Combat


You had 4 spell levels left.
You didn't know any spells.
Your spell library was empty.

Dungeon Overview and Level Annotations

Branches:
Dungeon (5/15)
 Temple: D:4-7

Annotations:
D:4 Edmund, Ijyb


Innate Abilities, Weirdness & Mutations

You have an increased reservoir of magic. (+10% MP)
You shall have no god before yourself.
Your divine heritage dramatically boosts your attributes as you level up.


Message History

You open the door.
A kobold comes into view. It is wielding a +0 short sword.
The gnoll closely misses you. The gnoll barely misses you.
The kobold shouts!
There is an open door here.
Unknown command.
Unknown command.
You completely miss the kobold. The gnoll closely misses you.
The kobold hits you with a +0 short sword.
* * * LOW HITPOINT WARNING * * *
The gnoll bouda barks out a call to the hunt!
An orc comes into view. It is wielding a +0 dagger.
The gnoll closely misses you. x2
Unknown command.
Unknown command.
The kobold hits you with a +0 short sword.
* * * LOW HITPOINT WARNING * * *
Unknown command.
Unknown command.
Unknown command.
Unknown command.
Unknown command.
Okay, then.
You closely miss the kobold. The kobold hits you but does no damage.
A hobgoblin comes into view. It is wielding a +0 club.
The gnoll hits you with a +0 whip!
* * * LOW HITPOINT WARNING * * *
The kobold closely misses you.
Unknown command.
Unknown command.
Unknown command.
Unknown command.
Unknown command.
Okay, then.
It was a potion of flight.
You feel very buoyant.
You fly up into the air.
You block the gnoll's attack.
The gnoll hits you from afar with a +0 halberd!
You die...

#.......# #.
#.......# #.
#.......# #.#
#####.### #.#### '#
#.#####....#+###g..
#.....#....g.....⌠.
#####.#.gg.g......o
#.#..##g#..#'#
#.#..#@K#..#
#...g#..#..#
#.#.)####..#####.
#.#.....g........
#.##..........###
........##########
........# ........#
........#


You could see a gnoll bouda (very poisoned), 2 gnolls, a hobgoblin and a kobold.

Vanquished Creatures
  5 gnolls
  5 adders
  5 orcs (D:3)
  3 ball pythons
  3 endoplasms
  5 giant cockroaches
  6 hobgoblins
  4 jackals (D:1)
  5 bats
  6 frilled lizards
  7 goblins
  4 kobolds
  7 rats
65 creatures vanquished.

Vanquished Creatures (others)
  2 plants (D:4)
2 creatures vanquished.

Grand Total: 67 creatures vanquished

Notes
Turn   | Place    | Note
-------+----------+-------------------------------------------
     0 | D:5      | drugrobin the Demigod Delver began the quest for the Orb.
     0 | D:5      | Reached XP level 1. HP: 18/18 MP: 3/3
    80 | D:5      | Noticed a kobold brigand
   266 | D:5      | Reached skill level 2 in Unarmed Combat
   320 | D:4      | Noticed a gnoll bouda
   382 | D:4      | Noticed Edmund
   402 | D:3      | Reached XP level 2. HP: 25/25 MP: 4/4
   543 | D:1      | Reached skill level 3 in Unarmed Combat
   971 | D:1      | Reached XP level 3. HP: 30/30 MP: 5/5
  1900 | D:2      | Reached skill level 4 in Unarmed Combat
  2434 | D:3      | Reached XP level 4. HP: 36/37 MP: 6/6
  2794 | D:4      | Noticed Ijyb
  3202 | D:4      | Reached skill level 5 in Unarmed Combat
  3202 | D:4      | Reached XP level 5. HP: 22/42 MP: 7/7
  3212 | D:4      | HP: 1/42 [gnoll/+0 whip[a gnoll bouda] (7)]
  3213 | D:4      | Mangled by a gnoll

Illustrated notes

Levels and vault maps discovered:
D:1:      elethiomel_arrival_quiet, layout_loops_corners, minmay_tetromino_s2
D:2:      layout_basic, kennysheep_generic_room_7
D:3:      layout_rooms, grunt_ministairs_1, minmay_distorted
D:4:      corexii_shack_village, layout_basic, minmay_temple_entry_poolview,
          uniq_duvessa, uniq_edmund, uniq_ijyb
D:5:      layout_loops_ring, amcnicky_altar_gilded, nicolae_overflow_squiral,
          mainiacjoe_overflow_small_starburst, nicolae_underground_beach

Skill      XL: |  1  2  3  4 |
---------------+-------------+-----
Unarmed Combat | 2 3 4 5 |  5.0
Fighting       | |  2.6
Dodging        | |  1.7
Stealth        | |  4.5

Action                   |  1- 3 |  4- 6 || total
-------------------------+-------+-------++-------
Melee: Unarmed           |    13 |    74 ||    87
       Dagger            |   123 |       ||   123
       Punch             |     2 |       ||     2
       Whip              |       |    10 ||    10
Throw: Stone             |     1 |       ||     1
       Boomerang         |       |     4 ||     4
       Javelin           |       |     1 ||     1
  Use: Scroll            |     1 |       ||     1
       Potion            |       |     1 ||     1
 Stab: Sleeping          |    12 |       ||    12
Armor: Leather armour    |    43 |     5 ||    48
Dodge: Dodged            |    68 |    44 ||   112
Block: Buckler           |     6 |    22 ||    28

Table legend: (Time is in decaauts)
 A = Elapsed time spent in this place.
 B = Non-inter-level travel time spent in this place.
 C = Inter-level travel time spent in this place.
 D = Time resting spent in this place.
 E = Time spent auto-exploring this place.
 F = Levels seen in this place.
 G = Mean time per level.
                   A        B        C        D        E       F      G
               +--------+--------+--------+--------+--------+-----+--------+
         Total |   3214 |   3100 |    114 |    264 |   1892 |   5 |  642.8 |
       Dungeon |   3214 |   3100 |    114 |    264 |   1892 |   5 |  642.8 |
               +--------+--------+--------+--------+--------+-----+--------+

Top non-repeatable levels by time:
     D:2: 1064 daAuts
     D:1: 845 daAuts
     D:3: 752 daAuts
     D:5: 297 daAuts
     D:4: 254 daAuts
